Hartford Whalers vs Arizona Coyotes
Created - Wednesday, October 25, 2023 at 08:04
Goals
|
| Hartford Whalers |
0 |
2 |
1 |
3 |
| Arizona Coyotes |
0 |
2 |
2 |
4 |
|
Shots
|
| Hartford Whalers |
3 |
18 |
11 |
32 |
| Arizona Coyotes |
11 |
11 |
19 |
41 |
|
1st period
No Goal
Penalties :
Dmitry Orlov (AZC) for Elbowing (Minor) at 2:40, John Hayden (HFD) for Tripping (Minor) at 16:52, Marcus Foligno (HFD) for Cross-checking (Minor) at 19:48
2nd period
1. Arizona Coyotes , Claude Giroux 28 (Mats Zuccarello 38) at 0:16 (PP)
2. Hartford Whalers , Casey Cizikas 12 (Alexis Lafreniere 22, Taylor Hall 34) at 14:34
3. Arizona Coyotes , Jakob Silfverberg 5 (Ondrej Palat 15, Charlie Coyle 24) at 15:37
4. Hartford Whalers , Anthony Mantha 5 (Marcus Foligno 12, Connor Clifton 7) at 16:27
Penalties :
Jakob Silfverberg (AZC) for Holding (Minor) at 5:36, Marcus Foligno (HFD) for Roughing (Minor) at 5:57
3rd period
5. Arizona Coyotes , Mats Zuccarello 27 (Claude Giroux 31) at 3:18 (PP)
6. Arizona Coyotes , Tyler Seguin 10 (Erik Haula 25) at 13:13
7. Hartford Whalers , Jaccob Slavin 3 (Thomas Chabot 24) at 14:03 (PP)
Penalties :
Casey Cizikas (HFD) for Roughing (Minor) at 3:02, Connor Clifton (HFD) for Tripping (Minor) at 5:55, Brayden McNabb (AZC) for Hooking (Minor) at 9:45, Charlie Coyle (AZC) for Holding (Minor) at 13:52
Goalie Stats
Logan Thompson (HFD), 37 saves from 41 shots - (0.902), L, 7-6-2, 59:16 minutes
Elvis Merzlikins (AZC), 29 saves from 32 shots - (0.906), W, 4-1-0, 60:00 minutes
Players Stats for Hartford Whalers
Player Name G A P +/- PIM S H SB GA TA FO MP PP MP PK MP
------------------------------------------------------------------------------------
Alec Martinez 0 0 0 -2 0 1 2 1 1 0 0/0 21:32 2:28 2:21
Alexander Wennberg 0 0 0 -1 0 2 2 4 1 1 10/30 19:50 2:17 2:35
Alexis Lafreniere 0 1 1 1 0 1 1 0 1 0 1/1 16:50 2:13 0:00
Anthony Mantha 1 0 1 0 0 3 1 0 1 0 0/0 12:40 0:00 0:56
Casey Cizikas 1 0 1 1 2 1 0 0 0 0 3/10 19:03 2:13 1:18
Connor Clifton 0 1 1 1 2 1 2 3 0 1 0/0 15:47 0:00 0:00
Haydn Fleury 0 0 0 0 0 0 0 1 0 0 0/0 8:12 0:00 0:00
Jaccob Slavin 1 0 1 1 0 4 0 2 0 0 0/0 22:42 2:02 2:42
John Hayden 0 0 0 0 2 1 2 1 0 0 2/2 12:21 0:00 0:31
Josh Anderson 0 0 0 -1 0 1 1 0 1 0 0/4 19:00 2:17 2:11
Joshua Norris 0 0 0 0 0 6 2 0 4 1 4/7 11:44 0:00 0:00
Lukas Reichel 0 0 0 0 0 2 0 0 0 1 1/1 8:12 0:00 0:00
Marcus Foligno 0 1 1 1 4 2 3 0 0 0 0/1 17:19 2:12 0:00
Mark Kastelic 0 0 0 0 0 0 3 1 0 0 0/1 8:12 0:00 0:00
Taylor Hall 0 1 1 -1 0 4 1 0 2 1 1/1 19:50 2:17 2:35
Thomas Chabot 0 1 1 1 0 3 2 1 1 0 0/0 22:42 2:02 2:42
Torey Krug 0 0 0 1 0 0 0 2 0 3 0/0 15:46 0:00 0:00
Trevor van Riemsdyk 0 0 0 -2 0 0 0 0 0 0 0/0 21:32 2:28 2:21
Players Stats for Arizona Coyotes
Player Name G A P +/- PIM S H SB GA TA FO MP PP MP PK MP
------------------------------------------------------------------------------------
Brandon Tanev 0 0 0 0 0 0 4 0 0 0 0/1 8:14 0:44 0:00
Brayden McNabb 0 0 0 -1 2 3 1 2 1 2 0/0 22:07 2:44 1:22
Brock McGinn 0 0 0 0 0 0 2 0 1 0 0/1 7:30 0:00 0:00
Charlie Coyle 0 1 1 0 2 0 1 0 0 1 8/9 17:09 2:42 2:14
Claude Giroux 1 1 2 0 0 3 2 1 0 3 15/25 23:02 2:07 2:13
Dmitry Orlov 0 0 0 0 2 3 0 0 0 2 0/0 23:45 1:47 1:04
Erik Haula 0 1 1 0 0 2 1 1 1 0 2/2 14:51 1:58 0:00
Jakob Silfverberg 1 0 1 0 2 1 0 0 1 0 0/0 11:03 0:29 0:00
James van Riemsdyk 0 0 0 0 0 0 3 1 0 0 0/0 13:49 0:53 0:00
Jani Hakanpaa 0 0 0 -1 0 1 1 3 0 1 0/0 23:24 2:44 2:38
Jared Spurgeon 0 0 0 0 0 2 2 1 0 0 0/0 24:34 1:47 1:52
Mason McTavish 0 0 0 0 0 3 1 0 0 1 0/0 8:21 0:51 0:00
Mats Zuccarello 1 1 2 0 0 8 0 0 2 0 3/3 23:02 2:07 2:13
Matt Dumba 0 0 0 1 0 2 1 1 0 2 0/0 14:58 0:32 2:04
Ondrej Palat 0 1 1 0 0 2 1 2 1 0 1/1 11:01 0:23 0:03
Radko Gudas 0 0 0 1 0 1 0 0 0 0 0/0 12:02 0:32 0:00
T.J. Oshie 0 0 0 0 0 3 3 0 0 0 1/1 17:01 0:57 0:00
Tyler Seguin 1 0 1 0 0 7 4 0 1 0 6/15 17:55 1:58 2:17
3 Stars
1 - Claude Giroux (AZC)
2 - Tyler Seguin (AZC)
3 - Mats Zuccarello (AZC)
Power Play
Hartford Whalers - 1 on 4 Attempt(s) - 25.00%
Arizona Coyotes - 2 on 5 Attempt(s) - 40.00%
Penalty Kill
Hartford Whalers - 3 on 5 Attempt(s) - 60.00%
- Score 0 goal in Penalty Kill
Arizona Coyotes - 3 on 4 Attempt(s) - 75.00%
- Score 0 goal in Penalty Kill
Team Stat
Hartford Whalers - Hits : 22 - Faceoff Wins : 22 - Blocked Shots : 16 - Penalty Minutes : 10
Arizona Coyotes - Hits : 27 - Faceoff Wins : 36 - Blocked Shots : 12 - Penalty Minutes : 8
Official
Referees : Gord Dwyer and Mike Hasenfratz
Linesman : Derek Nansen and Mark Wheler
Game Notes
No Game Note
Finance
Level 1 -- Attendance: 6000 (100.00%) -- Ticket Income $540,000
Level 2 -- Attendance: 4642 (92.84%) -- Ticket Income $250,668
Level 3 -- Attendance: 2868 (95.60%) -- Ticket Income $80,304
Level 4 -- Attendance: 5000 (100.00%) -- Ticket Income $90,000
Luxury Box -- Attendance: 857 (85.70%) -- Ticket Income $161,116
Game was played at the Gila River Arena.
Total Attendance: 19367 (96.84%)
Total Ticket Income: $1,122,088
Other Income: $392,731
Total Income: $1,514,819
Hartford Whalers
5 vs 5 Forward
Center Left Wing Right Wing Time % Phy DF OF
1 Alexander Wennberg Taylor Hall Josh Anderson 30 1 2 2
2 Casey Cizikas Marcus Foligno Alexis Lafreniere 30 1 2 2
3 Joshua Norris Anthony Mantha John Hayden 25 1 2 2
4 Lukas Reichel Mark Kastelic Haydn Fleury 15 1 2 2
5 vs 5 Defense
Defense Defense Time % Phy DF OF
1 Jaccob Slavin Thomas Chabot 35 1 2 2
2 Trevor van Riemsdyk Alec Martinez 35 1 2 2
3 Torey Krug Connor Clifton 30 1 2 2
4 Jaccob Slavin Thomas Chabot 0 1 2 2
PowerPlay Forward
Center Left Wing Right Wing Time % Phy DF OF
1 Alexander Wennberg Taylor Hall Josh Anderson 50 1 2 2
2 Casey Cizikas Marcus Foligno Alexis Lafreniere 50 1 2 2
PowerPlay Defense
Defense Defense Time % Phy DF OF
1 Jaccob Slavin Thomas Chabot 50 1 2 2
2 Trevor van Riemsdyk Alec Martinez 50 1 2 2
Penalty Kill 4 Players Forward
Center Wing Time % Phy DF OF
1 Alexander Wennberg Taylor Hall 50 1 2 2
2 Josh Anderson Casey Cizikas 50 1 2 2
Penalty Kill 4 Players Defense
Defense Defense Time % Phy DF OF
1 Jaccob Slavin Thomas Chabot 50 1 2 2
2 Trevor van Riemsdyk Alec Martinez 50 1 2 2
Penalty Kill - 3 Players Forward
Forward Time % Phy DF OF
1 Alexander Wennberg 50 1 2 2
2 Taylor Hall 50 1 2 2
Penalty Kill - 3 Players Defense
Defense Defense Time % Phy DF OF
1 Jaccob Slavin Thomas Chabot 50 1 2 2
2 Trevor van Riemsdyk Alec Martinez 50 1 2 2
4 vs 4 Forward
Center Wing Time % Phy DF OF
1 Alexander Wennberg Taylor Hall 50 1 2 2
2 Josh Anderson Casey Cizikas 50 1 2 2
4 vs 4 Defense
Defense Defense Time % Phy DF OF
1 Jaccob Slavin Thomas Chabot 50 1 2 2
2 Trevor van Riemsdyk Alec Martinez 50 1 2 2
Last Minutes Offensive
Center Left Wing Right Wing Defense Defense
Alexander Wennberg Taylor Hall Josh Anderson Jaccob Slavin Thomas Chabot
Last Minutes Defensive
Center Left Wing Right Wing Defense Defense
Alexander Wennberg Taylor Hall Josh Anderson Jaccob Slavin Thomas Chabot
Goaltenders
Starting : Logan Thompson
Backup : Anton Forsberg
Extra Forwards
Normal : Mark Kastelic, Alexander Wennberg, Anthony Mantha - PP : Mark Kastelic, Taylor Hall - PK : Anthony Mantha
Extra Defensemen
Normal : Torey Krug, Connor Clifton, Haydn Fleury - PP : Torey Krug - PK : Connor Clifton, Haydn Fleury
Penalty Shots
Alexander Wennberg, Taylor Hall, Josh Anderson, Casey Cizikas, Marcus Foligno
Arizona Coyotes
5 vs 5 Forward
Center Left Wing Right Wing Time % Phy DF OF
1 Claude Giroux Mats Zuccarello T.J. Oshie 35 1 2 2
2 Tyler Seguin Erik Haula James van Riemsdyk 30 1 2 2
3 Charlie Coyle Jakob Silfverberg Ondrej Palat 25 0 2 3
4 Mason McTavish Brandon Tanev Brock McGinn 10 1 2 2
5 vs 5 Defense
Defense Defense Time % Phy DF OF
1 Jani Hakanpaa Brayden McNabb 40 1 2 2
2 Dmitry Orlov Jared Spurgeon 35 1 3 1
3 Radko Gudas Matt Dumba 25 1 2 2
4 Jani Hakanpaa Brayden McNabb 0 1 2 2
PowerPlay Forward
Center Left Wing Right Wing Time % Phy DF OF
1 Claude Giroux Mats Zuccarello Charlie Coyle 60 0 2 3
2 Tyler Seguin Erik Haula T.J. Oshie 40 0 2 3
PowerPlay Defense
Defense Defense Time % Phy DF OF
1 Dmitry Orlov Jared Spurgeon 55 0 2 3
2 Jani Hakanpaa Brayden McNabb 45 0 2 3
Penalty Kill 4 Players Forward
Center Wing Time % Phy DF OF
1 Claude Giroux Mats Zuccarello 50 1 2 2
2 Charlie Coyle Tyler Seguin 50 1 2 2
Penalty Kill 4 Players Defense
Defense Defense Time % Phy DF OF
1 Brayden McNabb Jani Hakanpaa 51 2 3 0
2 Dmitry Orlov Jared Spurgeon 49 1 4 0
Penalty Kill - 3 Players Forward
Forward Time % Phy DF OF
1 Jakob Silfverberg 50 1 3 1
2 Erik Haula 50 1 3 1
Penalty Kill - 3 Players Defense
Defense Defense Time % Phy DF OF
1 Jani Hakanpaa Brayden McNabb 50 1 4 0
2 Matt Dumba Radko Gudas 50 1 4 0
4 vs 4 Forward
Center Wing Time % Phy DF OF
1 Claude Giroux Mats Zuccarello 50 1 1 3
2 Charlie Coyle Tyler Seguin 50 1 1 3
4 vs 4 Defense
Defense Defense Time % Phy DF OF
1 Dmitry Orlov Jared Spurgeon 50 1 3 1
2 Jani Hakanpaa Brayden McNabb 50 1 2 2
Last Minutes Offensive
Center Left Wing Right Wing Defense Defense
Claude Giroux Mats Zuccarello Charlie Coyle Dmitry Orlov Jared Spurgeon
Last Minutes Defensive
Center Left Wing Right Wing Defense Defense
Claude Giroux Mats Zuccarello Charlie Coyle Dmitry Orlov Jared Spurgeon
Goaltenders
Starting : Elvis Merzlikins
Backup : Carter Hart
Extra Forwards
Normal : James van Riemsdyk, Mason McTavish, Ondrej Palat - PP : James van Riemsdyk, Mason McTavish - PK : Ondrej Palat
Extra Defensemen
Normal : Radko Gudas, Matt Dumba, Jani Hakanpaa - PP : Radko Gudas - PK : Matt Dumba, Jani Hakanpaa
Penalty Shots
Claude Giroux, Mats Zuccarello, Charlie Coyle, Tyler Seguin, T.J. Oshie
% Time on Ice - Hartford Whalers
Lines # - Real PCT - Wanted PCT - Time Play
Normal Forward
1 - 27% - 30% - 13:00
2 - 31% - 30% - 14:44
3 - 25% - 25% - 11:44
4 - 17% - 15% - 8:12
Normal Defense
1 - 33% - 35% - 15:56
2 - 33% - 35% - 15:58
3 - 33% - 30% - 15:46
4 - 0% - 0% - 0:00
PP Forward
1 - 51% - 50% - 2:17
2 - 49% - 50% - 2:13
PP Defense
1 - 45% - 50% - 2:02
2 - 55% - 50% - 2:28
PK Forward
1 - 64% - 50% - 3:14
2 - 36% - 50% - 1:49
PK Defense
1 - 53% - 50% - 2:42
2 - 47% - 50% - 2:21
PK3 Forward
1 - 0% - 50%
2 - 0% - 50%
PK3 Defense
1 - 0% - 50%
2 - 0% - 50%
44 Forward
1 - 50% - 50% - 0:49
2 - 50% - 50% - 0:49
44 Defense
1 - 54% - 50% - 0:53
2 - 46% - 50% - 0:45
Last Minute Offensive - 1:09
Last Minute Defensive - 0:00
Total
Forward - 60:00
Defense - 60:00
|
% Time on Ice - Arizona Coyotes
Lines # - Real PCT - Wanted PCT - Time Play
Normal Forward
1 - 35% - 35% - 16:39
2 - 27% - 30% - 12:57
3 - 22% - 25% - 10:35
4 - 16% - 10% - 7:30
Normal Defense
1 - 40% - 40% - 19:03
2 - 38% - 35% - 18:04
3 - 22% - 25% - 10:34
4 - 0% - 0% - 0:00
PP Forward
1 - 42% - 60% - 2:07
2 - 58% - 40% - 2:56
PP Defense
1 - 35% - 55% - 1:47
2 - 65% - 45% - 3:16
PK Forward
1 - 49% - 50% - 2:13
2 - 51% - 50% - 2:17
PK Defense
1 - 59% - 51% - 2:38
2 - 41% - 49% - 1:52
PK3 Forward
1 - 0% - 50%
2 - 0% - 50%
PK3 Defense
1 - 0% - 50%
2 - 0% - 50%
44 Forward
1 - 56% - 50% - 0:55
2 - 44% - 50% - 0:43
44 Defense
1 - 45% - 50% - 0:44
2 - 55% - 50% - 0:54
Last Minute Offensive - 0:00
Last Minute Defensive - 1:08
Total
Forward - 60:00
Defense - 60:00
|
Play-by-Play
1st period
0:01 of 1st period - Alexander Wennberg wins face-off versus Claude Giroux in neutral zone.
0:10 of 1st period - Snap shot by Taylor Hall.
0:10 of 1st period - Shot Blocked by Brayden McNabb.
0:59 of 1st period - Brock McGinn is hit by Joshua Norris.
1:23 of 1st period - Snap shot by Ondrej Palat.
1:23 of 1st period - Shot Misses the Net.
2:32 of 1st period - Wrist shot by Joshua Norris.
2:32 of 1st period - Stopped by Elvis Merzlikins with a rebound.
2:34 of 1st period - Wrist shot by Joshua Norris.
2:34 of 1st period - Stopped by Elvis Merzlikins with a rebound.
2:40 of 1st period - Minor Penalty to Dmitry Orlov for Elbowing.
2:41 of 1st period - Claude Giroux wins face-off versus Alexander Wennberg in Arizona Coyotes zone.
2:51 of 1st period - Off-side.
2:52 of 1st period - Charlie Coyle wins face-off versus Marcus Foligno in neutral zone.
3:08 of 1st period - Slapshot by Charlie Coyle.
3:08 of 1st period - Shot Misses the Net.
4:40 of 1st period - Penalty to Dmitry Orlov is over, Dmitry Orlov is back on ice.
4:49 of 1st period - John Hayden is hit by Brandon Tanev and loses puck.
4:58 of 1st period - Radko Gudas is hit by Alec Martinez and loses puck.
5:42 of 1st period - Brayden McNabb is hit by John Hayden.
5:58 of 1st period - Jani Hakanpaa is hit by Marcus Foligno and loses puck.
6:30 of 1st period - Jaccob Slavin is hit by Brock McGinn and loses puck.
6:43 of 1st period - Matt Dumba is hit by Alexis Lafreniere and loses puck.
7:10 of 1st period - Brayden McNabb is hit by Anthony Mantha and loses puck.
8:09 of 1st period - Anthony Mantha is hit by Jani Hakanpaa and loses puck.
8:29 of 1st period - Josh Anderson is hit by Matt Dumba and loses puck.
8:53 of 1st period - Connor Clifton is hit by Ondrej Palat and loses puck.
9:00 of 1st period - Jakob Silfverberg is hit by Marcus Foligno.
9:35 of 1st period - Joshua Norris is hit by Mason McTavish and loses puck.
9:44 of 1st period - Thomas Chabot is hit by Brandon Tanev and loses puck.
10:04 of 1st period - Mats Zuccarello is hit by Joshua Norris.
10:10 of 1st period - Alec Martinez is hit by T.J. Oshie and loses puck.
10:33 of 1st period - Icing by Joshua Norris.
10:34 of 1st period - Joshua Norris wins face-off versus Tyler Seguin in Hartford Whalers zone.
10:41 of 1st period - Wrist shot by Anthony Mantha.
10:41 of 1st period - Stopped by Elvis Merzlikins without a rebound.
10:42 of 1st period - Casey Cizikas wins face-off versus Tyler Seguin in Arizona Coyotes zone.
10:56 of 1st period - Off-side.
10:57 of 1st period - Alexander Wennberg wins face-off versus Claude Giroux in neutral zone.
11:06 of 1st period - Slapshot by Mats Zuccarello.
11:06 of 1st period - Shot Misses the Net.
11:45 of 1st period - Slapshot by Thomas Chabot.
11:45 of 1st period - Shot Misses the Net.
11:55 of 1st period - Tyler Seguin is hit by Mark Kastelic and loses puck.
12:25 of 1st period - Snap shot by Mats Zuccarello.
12:25 of 1st period - Stopped by Logan Thompson without a rebound.
12:26 of 1st period - Claude Giroux wins face-off versus Casey Cizikas in Hartford Whalers zone.
12:37 of 1st period - Slapshot by Mats Zuccarello.
12:37 of 1st period - Shot Hit the Post.
12:51 of 1st period - Alexander Wennberg is hit by Brayden McNabb and loses puck.
13:00 of 1st period - Snap shot by Charlie Coyle.
13:00 of 1st period - Shot Blocked by Alexander Wennberg.
13:02 of 1st period - Slapshot by Matt Dumba.
13:02 of 1st period - Deflect By Taylor Hall.
13:02 of 1st period - Stopped by Logan Thompson without a rebound.
13:03 of 1st period - Alexis Lafreniere wins face-off versus Claude Giroux in Hartford Whalers zone.
13:28 of 1st period - Backhand shot by Erik Haula.
13:28 of 1st period - Stopped by Logan Thompson without a rebound.
13:29 of 1st period - Alexander Wennberg wins face-off versus Tyler Seguin in Hartford Whalers zone.
13:29 of 1st period - Alexander Wennberg is hit by James van Riemsdyk.
13:55 of 1st period - Marcus Foligno is hit by T.J. Oshie.
14:15 of 1st period - Trevor van Riemsdyk is hit by T.J. Oshie and loses puck.
14:20 of 1st period - Wrist shot by Mats Zuccarello.
14:20 of 1st period - Shot Misses the Net.
14:22 of 1st period - Snap shot by T.J. Oshie.
14:22 of 1st period - Stopped by Logan Thompson without a rebound.
14:23 of 1st period - Charlie Coyle wins face-off versus Alexander Wennberg in Hartford Whalers zone.
14:50 of 1st period - Jared Spurgeon is hit by Marcus Foligno and loses puck.
15:09 of 1st period - Snap shot by Mats Zuccarello.
15:09 of 1st period - Shot Misses the Net.
15:19 of 1st period - Wrist shot by Mats Zuccarello.
15:19 of 1st period - Stopped by Logan Thompson without a rebound.
15:20 of 1st period - Ondrej Palat wins face-off versus Alexander Wennberg in Hartford Whalers zone.
15:35 of 1st period - Charlie Coyle is hit by Alec Martinez and loses puck.
15:58 of 1st period - Wrist shot by Claude Giroux.
15:58 of 1st period - Stopped by Logan Thompson with a rebound.
16:15 of 1st period - Icing by Anthony Mantha.
16:16 of 1st period - Tyler Seguin wins face-off versus Joshua Norris in Hartford Whalers zone.
16:25 of 1st period - Snap shot by Tyler Seguin.
16:25 of 1st period - Stopped by Logan Thompson with a rebound.
16:31 of 1st period - Snap shot by Tyler Seguin.
16:31 of 1st period - Shot Blocked by Connor Clifton.
16:33 of 1st period - Backhand shot by Radko Gudas.
16:33 of 1st period - Shot Misses the Net.
16:52 of 1st period - Minor Penalty to John Hayden for Tripping.
16:53 of 1st period - Claude Giroux wins face-off versus Alexander Wennberg in Hartford Whalers zone.
18:02 of 1st period - Snap shot by Mats Zuccarello.
18:02 of 1st period - Shot Blocked by Alexander Wennberg.
18:04 of 1st period - Wrist shot by Mats Zuccarello.
18:04 of 1st period - Shot Misses the Net.
18:30 of 1st period - Slapshot by Mats Zuccarello.
18:30 of 1st period - Stopped by Logan Thompson with a rebound.
18:32 of 1st period - Wrist shot by Charlie Coyle.
18:32 of 1st period - Shot Blocked by Thomas Chabot.
18:34 of 1st period - Wrist shot by Claude Giroux.
18:34 of 1st period - Shot Misses the Net.
18:36 of 1st period - Slapshot by Brayden McNabb.
18:36 of 1st period - Deflect By Jaccob Slavin.
18:36 of 1st period - Stopped by Logan Thompson with a rebound.
18:38 of 1st period - Slapshot by Brayden McNabb.
18:38 of 1st period - Stopped by Logan Thompson without a rebound.
18:39 of 1st period - Alexander Wennberg wins face-off versus Tyler Seguin in Hartford Whalers zone.
18:52 of 1st period - Penalty to John Hayden is over, John Hayden is back on ice.
19:48 of 1st period - Minor Penalty to Marcus Foligno for Cross-checking.
19:49 of 1st period - Tyler Seguin wins face-off versus Alexander Wennberg in Hartford Whalers zone.
19:52 of 1st period - Snap shot by Erik Haula.
19:52 of 1st period - Deflect By Tyler Seguin.
19:52 of 1st period - Stopped by Logan Thompson with a rebound.
19:54 of 1st period - Wrist shot by Erik Haula.
19:54 of 1st period - Shot Hit the Post.
Goals for this period are 0 for Hartford Whalers vs 0 for Arizona Coyotes.
Shots for this period are 3 for Hartford Whalers vs 11 for Arizona Coyotes.
2nd period
0:01 of 2nd period - Mats Zuccarello wins face-off versus Josh Anderson in neutral zone.
0:16 of 2nd period - Slapshot by Claude Giroux.
0:16 of 2nd period - Goal by Claude Giroux - Hartford Whalers : 0 - Arizona Coyotes : 1.
0:17 of 2nd period - Alexander Wennberg wins face-off versus Claude Giroux in neutral zone.
0:29 of 2nd period - Snap shot by Alexander Wennberg.
0:29 of 2nd period - Stopped by Elvis Merzlikins with a rebound.
0:31 of 2nd period - Slapshot by Jaccob Slavin.
0:31 of 2nd period - Shot Blocked by Claude Giroux.
0:33 of 2nd period - Wrist shot by Jaccob Slavin.
0:33 of 2nd period - Stopped by Elvis Merzlikins with a rebound.
0:53 of 2nd period - Icing by Charlie Coyle.
0:54 of 2nd period - Charlie Coyle wins face-off versus Alexander Wennberg in Arizona Coyotes zone.
2:09 of 2nd period - Snap shot by Lukas Reichel.
2:09 of 2nd period - Stopped by Elvis Merzlikins without a rebound.
2:10 of 2nd period - Lukas Reichel wins face-off versus Brock McGinn in Arizona Coyotes zone.
2:10 of 2nd period - Torey Krug is hit by Brandon Tanev and loses puck.
2:21 of 2nd period - Wrist shot by Mason McTavish.
2:21 of 2nd period - Shot Blocked by Mark Kastelic.
2:23 of 2nd period - Slapshot by Brayden McNabb.
2:23 of 2nd period - Shot Misses the Net.
2:25 of 2nd period - Snap shot by Brandon Tanev.
2:25 of 2nd period - Shot Misses the Net.
2:27 of 2nd period - Snap shot by Brayden McNabb.
2:27 of 2nd period - Shot Blocked by Torey Krug.
2:37 of 2nd period - Slapshot by Mason McTavish.
2:37 of 2nd period - Stopped by Logan Thompson without a rebound.
2:38 of 2nd period - Alexander Wennberg wins face-off versus Claude Giroux in Hartford Whalers zone.
3:10 of 2nd period - Snap shot by Charlie Coyle.
3:10 of 2nd period - Shot Misses the Net.
3:12 of 2nd period - Snap shot by Radko Gudas.
3:12 of 2nd period - Deflect By Thomas Chabot.
3:12 of 2nd period - Stopped by Logan Thompson with a rebound.
3:14 of 2nd period - Wrist shot by Matt Dumba.
3:14 of 2nd period - Stopped by Logan Thompson with a rebound.
5:07 of 2nd period - Trevor van Riemsdyk is hit by Tyler Seguin and loses puck.
5:22 of 2nd period - Alexis Lafreniere is hit by Tyler Seguin and loses puck.
5:36 of 2nd period - Minor Penalty to Jakob Silfverberg for Holding.
5:37 of 2nd period - Claude Giroux wins face-off versus Casey Cizikas in Arizona Coyotes zone.
5:57 of 2nd period - Minor Penalty to Marcus Foligno for Roughing.
5:58 of 2nd period - Claude Giroux wins face-off versus Alexander Wennberg in Hartford Whalers zone.
6:10 of 2nd period - Snap shot by Taylor Hall.
6:10 of 2nd period - Stopped by Elvis Merzlikins without a rebound.
6:11 of 2nd period - Charlie Coyle wins face-off versus Josh Anderson in Arizona Coyotes zone.
7:36 of 2nd period - Penalty to Jakob Silfverberg is over, Jakob Silfverberg is back on ice.
7:51 of 2nd period - Icing by Erik Haula.
7:52 of 2nd period - Tyler Seguin wins face-off versus Alexander Wennberg in Arizona Coyotes zone.
7:57 of 2nd period - Penalty to Marcus Foligno is over, Marcus Foligno is back on ice.
8:02 of 2nd period - Erik Haula is hit by Alexander Wennberg.
8:06 of 2nd period - Snap shot by Alexander Wennberg.
8:06 of 2nd period - Stopped by Elvis Merzlikins with a rebound.
8:14 of 2nd period - Snap shot by Taylor Hall.
8:14 of 2nd period - Shot Blocked by Jared Spurgeon.
8:38 of 2nd period - Brayden McNabb is hit by Connor Clifton.
11:25 of 2nd period - Snap shot by Lukas Reichel.
11:25 of 2nd period - Shot Blocked by James van Riemsdyk.
12:24 of 2nd period - Lukas Reichel is hit by Brock McGinn and loses puck.
12:29 of 2nd period - Wrist shot by Mason McTavish.
12:29 of 2nd period - Stopped by Logan Thompson without a rebound.
12:30 of 2nd period - Claude Giroux wins face-off versus Alexander Wennberg in Hartford Whalers zone.
12:31 of 2nd period - Wrist shot by Mats Zuccarello.
12:31 of 2nd period - Shot Blocked by Alexander Wennberg.
12:48 of 2nd period - Jared Spurgeon is hit by Alexander Wennberg and loses puck.
13:54 of 2nd period - Wrist shot by Mason McTavish.
13:54 of 2nd period - Stopped by Logan Thompson with a rebound.
14:32 of 2nd period - Wrist shot by Alexis Lafreniere.
14:32 of 2nd period - Shot Misses the Net.
14:34 of 2nd period - Snap shot by Casey Cizikas.
14:34 of 2nd period - Goal by Casey Cizikas - Hartford Whalers : 1 - Arizona Coyotes : 1.
14:35 of 2nd period - Claude Giroux wins face-off versus Alexander Wennberg in neutral zone.
14:50 of 2nd period - Snap shot by Taylor Hall.
14:50 of 2nd period - Stopped by Elvis Merzlikins with a rebound.
15:25 of 2nd period - Snap shot by Ondrej Palat.
15:25 of 2nd period - Stopped by Logan Thompson without a rebound.
15:26 of 2nd period - John Hayden wins face-off versus Charlie Coyle in Hartford Whalers zone.
15:37 of 2nd period - Snap shot by Jakob Silfverberg.
15:37 of 2nd period - Goal by Jakob Silfverberg - Hartford Whalers : 1 - Arizona Coyotes : 2.
15:38 of 2nd period - Alexander Wennberg wins face-off versus Claude Giroux in neutral zone.
16:05 of 2nd period - Alec Martinez is hit by Tyler Seguin and loses puck.
16:27 of 2nd period - Slapshot by Anthony Mantha.
16:27 of 2nd period - Goal by Anthony Mantha - Hartford Whalers : 2 - Arizona Coyotes : 2.
16:28 of 2nd period - Alexander Wennberg wins face-off versus Claude Giroux in neutral zone.
16:37 of 2nd period - Snap shot by Josh Anderson.
16:37 of 2nd period - Stopped by Elvis Merzlikins with a rebound.
16:58 of 2nd period - Snap shot by Tyler Seguin.
16:58 of 2nd period - Stopped by Logan Thompson with a rebound.
17:00 of 2nd period - Snap shot by Tyler Seguin.
17:00 of 2nd period - Deflect By Erik Haula.
17:00 of 2nd period - Shot Misses the Net.
17:00 of 2nd period - Puck is out of play.
17:01 of 2nd period - Alexander Wennberg wins face-off versus Tyler Seguin in Hartford Whalers zone.
17:28 of 2nd period - Wrist shot by Joshua Norris.
17:28 of 2nd period - Stopped by Elvis Merzlikins without a rebound.
17:29 of 2nd period - Claude Giroux wins face-off versus Joshua Norris in Arizona Coyotes zone.
17:29 of 2nd period - Claude Giroux is hit by John Hayden.
17:39 of 2nd period - Slapshot by Brayden McNabb.
17:39 of 2nd period - Shot Misses the Net.
17:55 of 2nd period - Joshua Norris is hit by Tyler Seguin.
17:59 of 2nd period - Wrist shot by John Hayden.
17:59 of 2nd period - Stopped by Elvis Merzlikins without a rebound.
18:00 of 2nd period - Casey Cizikas wins face-off versus Tyler Seguin in Arizona Coyotes zone.
18:01 of 2nd period - Slapshot by Thomas Chabot.
18:01 of 2nd period - Stopped by Elvis Merzlikins with a rebound.
18:03 of 2nd period - Snap shot by Jaccob Slavin.
18:03 of 2nd period - Stopped by Elvis Merzlikins with a rebound.
18:05 of 2nd period - Backhand shot by Alexis Lafreniere.
18:05 of 2nd period - Shot Misses the Net.
18:07 of 2nd period - Snap shot by Jaccob Slavin.
18:07 of 2nd period - Shot Blocked by Erik Haula.
18:09 of 2nd period - Snap shot by Thomas Chabot.
18:09 of 2nd period - Stopped by Elvis Merzlikins with a rebound.
18:11 of 2nd period - Wrist shot by Marcus Foligno.
18:11 of 2nd period - Shot Misses the Net.
18:13 of 2nd period - Wrist shot by Marcus Foligno.
18:13 of 2nd period - Stopped by Elvis Merzlikins with a rebound.
18:27 of 2nd period - Taylor Hall is hit by Jared Spurgeon and loses puck.
18:34 of 2nd period - Wrist shot by Taylor Hall.
18:34 of 2nd period - Shot Misses the Net.
19:10 of 2nd period - Snap shot by Anthony Mantha.
19:10 of 2nd period - Stopped by Elvis Merzlikins with a rebound.
19:12 of 2nd period - Wrist shot by Alec Martinez.
19:12 of 2nd period - Shot Blocked by Jani Hakanpaa.
19:14 of 2nd period - Slapshot by Alec Martinez.
19:14 of 2nd period - Deflect By Jani Hakanpaa.
19:14 of 2nd period - Stopped by Elvis Merzlikins with a rebound.
19:16 of 2nd period - Slapshot by Alec Martinez.
19:16 of 2nd period - Shot Blocked by Jani Hakanpaa.
19:18 of 2nd period - Snap shot by Joshua Norris.
19:18 of 2nd period - Stopped by Elvis Merzlikins with a rebound.
19:36 of 2nd period - Wrist shot by Erik Haula.
19:36 of 2nd period - Stopped by Logan Thompson without a rebound.
19:37 of 2nd period - Claude Giroux wins face-off versus Alexander Wennberg in Hartford Whalers zone.
19:38 of 2nd period - Snap shot by Mats Zuccarello.
19:38 of 2nd period - Shot Blocked by Jaccob Slavin.
19:46 of 2nd period - Backhand shot by Mats Zuccarello.
19:46 of 2nd period - Stopped by Logan Thompson with a rebound.
Goals for this period are 2 for Hartford Whalers vs 2 for Arizona Coyotes.
Shots for this period are 18 for Hartford Whalers vs 11 for Arizona Coyotes.
3rd period
0:01 of 3rd period - Claude Giroux wins face-off versus Casey Cizikas in neutral zone.
0:04 of 3rd period - Connor Clifton is hit by Claude Giroux and loses puck.
0:35 of 3rd period - Snap shot by Ondrej Palat.
0:35 of 3rd period - Stopped by Logan Thompson without a rebound.
0:36 of 3rd period - Joshua Norris wins face-off versus Claude Giroux in Hartford Whalers zone.
0:45 of 3rd period - Snap shot by Mats Zuccarello.
0:45 of 3rd period - Shot Misses the Net.
0:47 of 3rd period - Slapshot by Jared Spurgeon.
0:47 of 3rd period - Stopped by Logan Thompson with a rebound.
0:49 of 3rd period - Wrist shot by Claude Giroux.
0:49 of 3rd period - Deflect By Thomas Chabot.
0:49 of 3rd period - Shot Blocked by John Hayden.
0:49 of 3rd period - Puck is out of play.
0:50 of 3rd period - T.J. Oshie wins face-off versus Josh Anderson in Hartford Whalers zone.
0:59 of 3rd period - Snap shot by T.J. Oshie.
0:59 of 3rd period - Stopped by Logan Thompson without a rebound.
1:00 of 3rd period - Mats Zuccarello wins face-off versus Alexander Wennberg in Hartford Whalers zone.
1:55 of 3rd period - Backhand shot by Claude Giroux.
1:55 of 3rd period - Shot Blocked by Alec Martinez.
1:57 of 3rd period - Slapshot by Brayden McNabb.
1:57 of 3rd period - Deflect By Alexander Wennberg.
1:57 of 3rd period - Stopped by Logan Thompson with a rebound.
1:59 of 3rd period - Wrist shot by Jani Hakanpaa.
1:59 of 3rd period - Stopped by Logan Thompson without a rebound.
2:00 of 3rd period - Casey Cizikas wins face-off versus Tyler Seguin in Hartford Whalers zone.
2:10 of 3rd period - Snap shot by Thomas Chabot.
2:10 of 3rd period - Stopped by Elvis Merzlikins with a rebound.
2:12 of 3rd period - Slapshot by Jaccob Slavin.
2:12 of 3rd period - Deflect By Marcus Foligno.
2:12 of 3rd period - Stopped by Elvis Merzlikins with a rebound.
2:23 of 3rd period - Icing by Radko Gudas.
2:24 of 3rd period - Joshua Norris wins face-off versus Tyler Seguin in Arizona Coyotes zone.
2:39 of 3rd period - Snap shot by Joshua Norris.
2:39 of 3rd period - Deflect By Anthony Mantha.
2:39 of 3rd period - Shot Misses the Net.
2:39 of 3rd period - Puck is out of play.
2:40 of 3rd period - Charlie Coyle wins face-off versus Casey Cizikas in Arizona Coyotes zone.
2:40 of 3rd period - Charlie Coyle is hit by Thomas Chabot.
3:02 of 3rd period - Minor Penalty to Casey Cizikas for Roughing.
3:03 of 3rd period - Claude Giroux wins face-off versus Josh Anderson in Hartford Whalers zone.
3:10 of 3rd period - Snap shot by Claude Giroux.
3:10 of 3rd period - Shot Misses the Net.
3:18 of 3rd period - Wrist shot by Mats Zuccarello.
3:18 of 3rd period - Goal by Mats Zuccarello - Hartford Whalers : 2 - Arizona Coyotes : 3.
3:19 of 3rd period - Claude Giroux wins face-off versus Casey Cizikas in neutral zone.
3:22 of 3rd period - Snap shot by Jared Spurgeon.
3:22 of 3rd period - Stopped by Logan Thompson with a rebound.
3:24 of 3rd period - Slapshot by Mats Zuccarello.
3:24 of 3rd period - Stopped by Logan Thompson with a rebound.
3:26 of 3rd period - Slapshot by Dmitry Orlov.
3:26 of 3rd period - Stopped by Logan Thompson with a rebound.
3:28 of 3rd period - Snap shot by Claude Giroux.
3:28 of 3rd period - Stopped by Logan Thompson without a rebound.
3:29 of 3rd period - Claude Giroux wins face-off versus Casey Cizikas in Hartford Whalers zone.
3:38 of 3rd period - Slapshot by Claude Giroux.
3:38 of 3rd period - Shot Blocked by Connor Clifton.
3:40 of 3rd period - Slapshot by Jared Spurgeon.
3:40 of 3rd period - Shot Misses the Net.
3:42 of 3rd period - Slapshot by Jared Spurgeon.
3:42 of 3rd period - Shot Blocked by Connor Clifton.
3:44 of 3rd period - Snap shot by Dmitry Orlov.
3:44 of 3rd period - Stopped by Logan Thompson with a rebound.
3:57 of 3rd period - Wrist shot by T.J. Oshie.
3:57 of 3rd period - Shot Misses the Net.
3:59 of 3rd period - Snap shot by Jared Spurgeon.
3:59 of 3rd period - Shot Misses the Net.
4:01 of 3rd period - Slapshot by Jared Spurgeon.
4:01 of 3rd period - Shot Blocked by Torey Krug.
4:05 of 3rd period - Wrist shot by T.J. Oshie.
4:05 of 3rd period - Stopped by Logan Thompson with a rebound.
4:07 of 3rd period - Wrist shot by Claude Giroux.
4:07 of 3rd period - Shot Misses the Net.
4:09 of 3rd period - Slapshot by Jared Spurgeon.
4:09 of 3rd period - Shot Misses the Net.
4:29 of 3rd period - Wrist shot by Alexis Lafreniere.
4:29 of 3rd period - Stopped by Elvis Merzlikins with a rebound.
5:55 of 3rd period - Minor Penalty to Connor Clifton for Tripping.
5:56 of 3rd period - Alexander Wennberg wins face-off versus Tyler Seguin in Hartford Whalers zone.
6:04 of 3rd period - Snap shot by Alexander Wennberg.
6:04 of 3rd period - Shot Blocked by Jani Hakanpaa.
6:10 of 3rd period - Alexander Wennberg is hit by James van Riemsdyk and loses puck.
7:09 of 3rd period - Matt Dumba is hit by Thomas Chabot and loses puck.
7:31 of 3rd period - Off-side.
7:32 of 3rd period - John Hayden wins face-off versus Brandon Tanev in neutral zone.
7:51 of 3rd period - Alexander Wennberg is hit by Erik Haula and loses puck.
7:55 of 3rd period - Penalty to Connor Clifton is over, Connor Clifton is back on ice.
8:09 of 3rd period - Alec Martinez is hit by Jared Spurgeon and loses puck.
8:22 of 3rd period - Wrist shot by Joshua Norris.
8:22 of 3rd period - Stopped by Elvis Merzlikins with a rebound.
9:02 of 3rd period - Slapshot by Joshua Norris.
9:02 of 3rd period - Deflect By John Hayden.
9:02 of 3rd period - Shot Misses the Net.
9:02 of 3rd period - Puck is out of play.
9:03 of 3rd period - Charlie Coyle wins face-off versus Joshua Norris in Arizona Coyotes zone.
9:03 of 3rd period - Charlie Coyle is hit by Connor Clifton.
9:10 of 3rd period - Off-side.
9:11 of 3rd period - Erik Haula wins face-off versus Alexander Wennberg in neutral zone.
9:45 of 3rd period - Minor Penalty to Brayden McNabb for Hooking.
9:46 of 3rd period - Taylor Hall wins face-off versus Claude Giroux in Arizona Coyotes zone.
10:08 of 3rd period - Slapshot by Tyler Seguin.
10:08 of 3rd period - Stopped by Logan Thompson with a rebound.
10:10 of 3rd period - Wrist shot by Charlie Coyle.
10:10 of 3rd period - Deflect By Tyler Seguin.
10:10 of 3rd period - Stopped by Logan Thompson with a rebound.
11:45 of 3rd period - Penalty to Brayden McNabb is over, Brayden McNabb is back on ice.
12:14 of 3rd period - Snap shot by Claude Giroux.
12:14 of 3rd period - Shot Misses the Net.
12:32 of 3rd period - Snap shot by Joshua Norris.
12:32 of 3rd period - Deflect By Anthony Mantha.
12:32 of 3rd period - Shot Misses the Net.
12:32 of 3rd period - Puck is out of play.
12:33 of 3rd period - Tyler Seguin wins face-off versus Mark Kastelic in Arizona Coyotes zone.
12:33 of 3rd period - Tyler Seguin is hit by Mark Kastelic.
12:47 of 3rd period - Wrist shot by James van Riemsdyk.
12:47 of 3rd period - Shot Misses the Net.
12:49 of 3rd period - Snap shot by Tyler Seguin.
12:49 of 3rd period - Shot Misses the Net.
13:04 of 3rd period - Jaccob Slavin is hit by Charlie Coyle and loses puck.
13:09 of 3rd period - Slapshot by Ondrej Palat.
13:09 of 3rd period - Deflect By Thomas Chabot.
13:09 of 3rd period - Shot Blocked by Jaccob Slavin.
13:09 of 3rd period - Puck is out of play.
13:10 of 3rd period - Erik Haula wins face-off versus Alexander Wennberg in Hartford Whalers zone.
13:13 of 3rd period - Slapshot by Tyler Seguin.
13:13 of 3rd period - Goal by Tyler Seguin - Hartford Whalers : 2 - Arizona Coyotes : 4.
13:14 of 3rd period - Tyler Seguin wins face-off versus Alexander Wennberg in neutral zone.
13:17 of 3rd period - Alec Martinez is hit by James van Riemsdyk and loses puck.
13:28 of 3rd period - Wrist shot by James van Riemsdyk.
13:28 of 3rd period - Shot Blocked by Alexander Wennberg.
13:30 of 3rd period - Wrist shot by Dmitry Orlov.
13:30 of 3rd period - Stopped by Logan Thompson without a rebound.
13:31 of 3rd period - Charlie Coyle wins face-off versus Casey Cizikas in Hartford Whalers zone.
13:52 of 3rd period - Minor Penalty to Charlie Coyle for Holding.
13:53 of 3rd period - Claude Giroux wins face-off versus Alexander Wennberg in Arizona Coyotes zone.
13:53 of 3rd period - Claude Giroux is hit by Taylor Hall.
14:03 of 3rd period - Slapshot by Jaccob Slavin.
14:03 of 3rd period - Goal by Jaccob Slavin - Hartford Whalers : 3 - Arizona Coyotes : 4.
14:04 of 3rd period - Tyler Seguin wins face-off versus Alexander Wennberg in neutral zone.
15:21 of 3rd period - Snap shot by Lukas Reichel.
15:21 of 3rd period - Stopped by Elvis Merzlikins with a rebound.
15:23 of 3rd period - Snap shot by Mark Kastelic.
15:23 of 3rd period - Shot Misses the Net.
15:43 of 3rd period - Snap shot by Alexander Wennberg.
15:43 of 3rd period - Shot Blocked by Brayden McNabb.
15:58 of 3rd period - Slapshot by Thomas Chabot.
15:58 of 3rd period - Shot Misses the Net.
16:00 of 3rd period - Slapshot by Thomas Chabot.
16:00 of 3rd period - Shot Blocked by Ondrej Palat.
16:02 of 3rd period - Wrist shot by Marcus Foligno.
16:02 of 3rd period - Shot Misses the Net.
16:04 of 3rd period - Wrist shot by Casey Cizikas.
16:04 of 3rd period - Shot Blocked by Matt Dumba.
16:06 of 3rd period - Slapshot by Jaccob Slavin.
16:06 of 3rd period - Stopped by Elvis Merzlikins with a rebound.
16:08 of 3rd period - Snap shot by Marcus Foligno.
16:08 of 3rd period - Deflect By Charlie Coyle.
16:08 of 3rd period - Shot Blocked by Ondrej Palat.
16:08 of 3rd period - Puck is out of play.
16:09 of 3rd period - Joshua Norris wins face-off versus Claude Giroux in Arizona Coyotes zone.
16:14 of 3rd period - Snap shot by Joshua Norris.
16:14 of 3rd period - Stopped by Elvis Merzlikins with a rebound.
16:16 of 3rd period - Slapshot by Connor Clifton.
16:16 of 3rd period - Stopped by Elvis Merzlikins with a rebound.
16:45 of 3rd period - Snap shot by Jakob Silfverberg.
16:45 of 3rd period - Shot Blocked by Haydn Fleury.
17:21 of 3rd period - Torey Krug is hit by Brandon Tanev.
17:36 of 3rd period - Anthony Mantha is hit by Claude Giroux and loses puck.
17:57 of 3rd period - Jakob Silfverberg is hit by Josh Anderson and loses puck.
18:18 of 3rd period - Wrist shot by Tyler Seguin.
18:18 of 3rd period - Stopped by Logan Thompson with a rebound.
18:24 of 3rd period - Erik Haula is hit by Mark Kastelic and loses puck.
19:03 of 3rd period - Slapshot by Claude Giroux.
19:03 of 3rd period - Deflect By Mats Zuccarello.
19:03 of 3rd period - Stopped by Logan Thompson without a rebound.
19:04 of 3rd period - Todd McLellan call a timeout for Hartford Whalers.
19:04 of 3rd period - Mats Zuccarello wins face-off versus Alexander Wennberg in Hartford Whalers zone.
19:09 of 3rd period - Snap shot by Mats Zuccarello.
19:09 of 3rd period - Stopped by Logan Thompson with a rebound.
19:16 of 3rd period - Hartford Whalers, Logan Thompson is pulled from the net.
19:26 of 3rd period - Wrist shot by Taylor Hall.
19:26 of 3rd period - Stopped by Elvis Merzlikins without a rebound.
19:27 of 3rd period - Charlie Coyle wins face-off versus Alexander Wennberg in Arizona Coyotes zone.
19:34 of 3rd period - Slapshot by Taylor Hall.
19:34 of 3rd period - Stopped by Elvis Merzlikins with a rebound.
19:51 of 3rd period - Snap shot by Taylor Hall.
19:51 of 3rd period - Deflect By Josh Anderson.
19:51 of 3rd period - Shot Misses the Net.
19:51 of 3rd period - Puck is out of play.
19:52 of 3rd period - Claude Giroux wins face-off versus Alexander Wennberg in Arizona Coyotes zone.
Goals for this period are 1 for Hartford Whalers vs 2 for Arizona Coyotes.
Shots for this period are 11 for Hartford Whalers vs 19 for Arizona Coyotes.
Back to the Top